 Dungeon Crawl Stone Soup version 0.22.0-6-g71bd7aa (webtiles) character file.

21915448 Thaneod the Conqueror (level 27, 199/199 HPs)
             Began as a Gargoyle Berserker on Aug 14, 2018.
             Was the Champion of the Shining One.
             Escaped with the Orb
             ... and 15 runes on Aug 15, 2018!
             The game lasted 03:42:13 (69273 turns).

Thaneod the Conqueror (Gargoyle Berserker)         Turns: 69273, Time: 03:42:14

Health: 199/199    AC: 70    Str: 27    XL:     27
Magic:  42/42      EV: 18    Int: 14    God:    the Shining One [******]
Gold:   2627       SH: 25    Dex: 15    Spells: 37/56 levels left

rFire    + + .     SeeInvis .   a - +9 executioner's axe (holy)
rCold    + + .     Gourm    .   (shield currently unavailable)
rNeg     + + +     Faith    .   Z - +12 gold dragon scales
rPois    ∞         Spirit   .   x - -2 hat of the Alchemist {rElec rPois rF+ rC+ rN+ MR+ rMut rCorr}
rElec    +         Reflect  +   R - scarf {repulsion}
rCorr    +         Harm     .   u - +3 pair of gauntlets of War {Slay+5}
rMut     +         Clarity  +   N - +1 pair of boots of Botassuc {rPois Regen+ Str+2 Int-3}
MR       +++..                  L - brooch of Shielding {Reflect SH+8}
Stlth    ..........             q - +6 ring of dexterity
HPRegen  0.83/turn              o - +5 ring of protection
MPRegen  0.28/turn

@: divine shield, flying, glowing, repel missiles
A: big wings, repulsion field 1, clarity, deterioration 1, negative energy
resistance 1, electricity resistance, unbreathing, petrification resistance, rot
immunity, AC +20
0: Orb of Zot
}: 15/15 runes: serpentine, barnacled, slimy, silver, golden, iron, obsidian,
icy, bone, abyssal, demonic, glowing, magical, fiery, dark
a: Stop Flying, Divine Shield, Cleansing Flame, Summon Divine Warrior, Renounce
Religion


You escaped.
You worshipped the Shining One.
The Shining One was exalted by your worship.
You were full.

You visited 17 branches of the dungeon, and saw 89 of its levels.
You visited Pandemonium 1 time, and saw 15 of its levels.
You visited the Abyss 2 times.
You also visited: Labyrinth, Ossuary and Wizlab.

You collected 10104 gold pieces.
You spent 7477 gold pieces at shops.

Inventory:

Hand Weapons
 a - a +9 executioner's axe of holy wrath (weapon)
 b - a +8 antimagic executioner's axe
 s - a +5 antimagic broad axe
 y - a +8 broad axe of freezing
 J - the +12 broad axe "Orb Guardian's Peril" {freeze, Stlth+}
   (Trog gifted it to you on level 3 of the Elven Halls)

   It has been specially enchanted to freeze those struck by it, causing extra
   injury to most foes and up to half again as much damage against particularly
   susceptible opponents.
   It can also slow down cold-blooded creatures.
   It makes you more stealthy.
Armour
 u - the +3 pair of gauntlets of War (worn) {Slay+5}
   (You bought it in a shop on level 1 of the Elven Halls)

   It affects your accuracy and damage with ranged weapons and melee attacks
   (+5).
 x - the -2 hat of the Alchemist (worn) {rElec rPois rF+ rC+ rN+ MR+ rMut rCorr}
   (You bought it in a shop on level 2 of the Orcish Mines)

   It protects you from fire.
   It protects you from cold.
   It insulates you from electricity.
   It protects you from poison.
   It protects you from negative energy.
   It affects your resistance to hostile enchantments.
   It provides partial protection from all sources of acid and corrosion.
   It protects you from mutation.
 N - the +1 pair of boots of Botassuc (worn) {rPois Regen+ Str+2 Int-3}
   (You found it on level 12 of the Dungeon)

   It affects your strength (+2).
   It affects your intelligence (-3).
   It protects you from poison.
   It increases your rate of regeneration.
 O - a +2 large shield of positive energy
 R - a scarf of repulsion (worn)
 T - a scarf of resistance
 Z - +12 gold dragon scales (worn)
Magical Staves
 d - an uncursed staff of power
Jewellery
 o - a +5 ring of protection (right hand)
 q - a +6 ring of dexterity (left hand)
 z - the amulet "Panag" {Faith rElec MR+ Str+5 Dex+4}
   (You found it on level 4 of the Dungeon)

   [amulet of faith]

   It allows you to gain divine favour quickly.
   It affects your strength (+5).
   It affects your dexterity (+4).
   It insulates you from electricity.
   It affects your resistance to hostile enchantments.
 L - the brooch of Shielding (around neck) {Reflect SH+8}
   (You found it on level 4 of the Depths)

   [amulet of reflection]

   It shields you and reflects attacks.
   It affects your SH (+8).
 S - the ring "Diawih" {*Tele Str+3}
   (You found it on level 7 of Cocytus)

   [ring of teleportation]

   It may teleport you next to monsters.
   It affects your strength (+3).
 X - an uncursed ring of fire
Wands
 e - a wand of paralysis (21)
 p - a wand of iceblast (95)
 P - a wand of acid (31)
 Q - a wand of disintegration (49)
 V - a wand of digging (90)
 W - a wand of scattershot (14)
Scrolls
 g - a scroll of amnesia
 h - 10 scrolls of blinking
 j - 10 scrolls of fear
 k - 42 scrolls of remove curse
 r - a scroll of summoning
 A - 13 scrolls of teleportation
 B - 3 scrolls of silence
 E - 10 scrolls of enchant armour
 H - 11 scrolls of fog
 I - 7 scrolls of magic mapping
 Y - 7 scrolls of identify
Potions
 f - 3 potions of might
 i - 18 potions of curing
 l - 12 potions of heal wounds
 m - 5 potions of magic
 t - 7 potions of agility
 v - 11 potions of brilliance
 C - 10 potions of mutation
 D - 3 potions of resistance
 F - 5 potions of ambrosia
 G - 6 potions of haste
 K - 4 potions of cancellation
 M - 9 potions of berserk rage
Miscellaneous
 n - a lamp of fire
 w - 4 sacks of spiders
 U - 6 boxes of beasts
Comestibles
 c - 56 rations


   Skills:
 O Level 27 Fighting
 O Level 27 Axes
 O Level 27 Armour
 - Level 16.0 Dodging
 - Level 10.0 Shields
 - Level 15.0 Spellcasting
 * Level 22.0 Translocations
 O Level 27 Invocations
 - Level 15.0 Evocations


You had 37 spell levels left.
You knew the following spells:

 Your Spells              Type           Power        Failure   Level  Hunger
a - Summon Butterflies    Summ           ##......     36%         1    None
b - Blink                 Tloc           N/A          0%          2    None
c - Passwall              Tmut/Erth      ##......     50%         2    None
d - Song of Slaying       Chrm           ##......     50%         2    None
e - Passage of Golubria   Tloc           N/A          1%          4    ##.....
f - Controlled Blink      Tloc           N/A          28%         8    #######

Your spell library contained the following spells:

 Spells                   Type           Power        Failure   Level  Hunger
 Cause Fear               Hex            ##........   98%         4    ##.....
 Magic Dart               Conj           ##..         36%         1    None
 Fireball                 Conj/Fire      ##........   100%        5    ####...
 Apportation              Tloc           ######       0%          1    None
 Conjure Flame            Conj/Fire      ##......     75%         3    None
 Bolt of Fire             Conj/Fire      ##........   100%        6    ######.
 Bolt of Cold             Conj/Ice       ##........   100%        6    ######.
 Lightning Bolt           Conj/Air       ##........   100%        5    ####...
 Bolt of Magma            Conj/Fire/Erth ##........   100%        5    ####...
 Slow                     Hex            ##......     50%         2    None
 Confuse                  Hex            ##......     75%         3    None
 Invisibility             Hex            ##......     100%        6    ######.
 Throw Flame              Conj/Fire      ##....       50%         2    None
 Freezing Cloud           Conj/Ice/Air   ##........   100%        6    ######.
 Mephitic Cloud           Conj/Pois/Air  ##......     75%         3    None
 Ring of Flames           Chrm/Fire      ##........   100%        7    #######
 Venom Bolt               Conj/Pois      ##........   100%        5    ####...
 Olgreb's Toxic Radiance  Pois           ##......     98%         4    ##.....
 Teleport Other           Tloc           ######..     0%          3    None
 Death's Door             Chrm/Necr      ##........   100%        8    #######
 Summon Small Mammal      Summ           ##..         36%         1    None
 Bolt of Draining         Conj/Necr      ##........   100%        5    ####...
 Lehudib's Crystal Spear  Conj/Erth      ##........   100%        8    #######
 Fire Storm               Conj/Fire      ##........   100%        9    #######
 Iskenderun's Mystic Bla  Conj           ##......     98%         4    ##.....
 Animate Dead             Necr           N/A          98%         4    ##.....
 Pain                     Necr           ##..         36%         1    None
 Animate Skeleton         Necr           N/A          36%         1    None
 Vampiric Draining        Necr           ##........   75%         3    None
 Haunt                    Necr/Summ      ##........   100%        7    #######
 Borgnjor's Revivificati  Necr           ##........   100%        8    #######
 Freeze                   Ice            ##..         36%         1    None
 Sticky Flame             Conj/Fire      ##......     98%         4    ##.....
 Summon Ice Beast         Ice/Summ       ##......     98%         4    ##.....
 Ozocubu's Armour         Chrm/Ice       ##......     75%         3    None
 Call Imp                 Summ           ##......     50%         2    None
 Poison Arrow             Conj/Pois      ##........   100%        6    ######.
 Regeneration             Chrm/Necr      ##........   75%         3    None
 Sting                    Conj/Pois      ##..         36%         1    None
 Sublimation of Blood     Necr           ##........   50%         2    None
 Tukima's Dance           Hex            ##......     75%         3    None
 Summon Demon             Summ           ##........   100%        5    ####...
 Corpse Rot               Necr           N/A          50%         2    None
 Iron Shot                Conj/Erth      ##........   100%        6    ######.
 Stone Arrow              Conj/Erth      ##....       75%         3    None
 Shock                    Conj/Air       ##..         36%         1    None
 Recall                   Summ/Tloc      N/A          1%          3    None
 Spider Form              Tmut/Pois      ##........   75%         3    None
 Blade Hands              Tmut           ##........   100%        5    ####...
 Statue Form              Tmut/Erth      ##.......    100%        6    ######.
 Ice Form                 Ice/Tmut       ##......     98%         4    ##.....
 Dragon Form              Tmut           ##........   100%        7    #######
 Necromutation            Tmut/Necr      ##........   100%        8    #######
 Death Channel            Necr           ##........   100%        6    ######.
 Deflect Missiles         Chrm/Air       ##........   100%        6    ######.
 Glaciate                 Conj/Ice       ##........   100%        9    #######
 Shadow Creatures         Summ           N/A          100%        6    ######.
 Confusing Touch          Hex            ##....       36%         1    None
 Flame Tongue             Conj/Fire      ##...        36%         1    None
 Ignite Poison            Fire/Tmut/Pois ##......     75%         3    None
 Sticks to Snakes         Tmut           ##......     50%         2    None
 Call Canine Familiar     Summ           ##......     75%         3    None
 Ensorcelled Hibernation  Hex/Ice        ##....       50%         2    None
 Metabolic Englaciation   Hex/Ice        ##........   100%        5    ####...
 Silence                  Hex/Air        ##........   100%        5    ####...
 Shatter                  Erth           ##........   100%        9    #######
 Dispersal                Tloc           ######....   1%          6    ######.
 Static Discharge         Conj/Air       ##......     75%         3    None
 Corona                   Hex            ##.....      36%         1    None
 Alistair's Intoxication  Tmut/Pois      ##......     100%        5    ####...
 Lee's Rapid Deconstruct  Erth           ##........   100%        5    ####...
 Sandblast                Erth           ##....       36%         1    None
 Simulacrum               Ice/Necr       ##........   100%        6    ######.
 Chain Lightning          Conj/Air       ##........   100%        8    #######
 Portal Projectile        Hex/Tloc       #####.       1%          3    None
 Petrify                  Tmut/Erth      ##......     98%         4    ##.....
 Tornado                  Air            ##........   100%        9    #######
 Leda's Liquefaction      Hex/Erth       ##........   98%         4    ##.....
 Summon Hydra             Summ           ##........   100%        7    #######
 Darkness                 Hex            ##........   100%        6    ######.
 Shroud of Golubria       Chrm/Tloc      #####.....   1%          2    None
 Inner Flame              Hex/Fire       ##......     75%         3    None
 Aura of Abjuration       Summ           ##........   100%        5    ####...
 Beastly Appendage        Tmut           ##....       36%         1    None
 Disjunction              Tloc           ######....   28%         8    #######
 Fulminant Prism          Conj/Hex       ##........   98%         4    ##.....
 Dazzling Spray           Conj/Hex       ##....       75%         3    None
 Force Lance              Conj/Tloc      #####...     4%          4    ##.....
 Infusion                 Chrm           ##..         36%         1    None
 Spectral Weapon          Hex/Chrm       ##......     75%         3    None
 Searing Ray              Conj           ##....       50%         2    None
 Discord                  Hex            ##........   100%        8    #######
 Summon Forest            Summ/Tloc      #####.....   12%         5    ####...
 Summon Lightning Spire   Summ/Air       ##......     98%         4    ##.....
 Summon Guardian Golem    Hex/Summ       ##......     75%         3    None
 Dragon's Call            Summ           ##........   100%        9    #######
 Spellforged Servitor     Conj/Summ      ##........   100%        7    #######
 Summon Mana Viper        Hex/Summ       ##......     100%        5    ####...
 Hydra Form               Tmut           ##........   100%        6    ######.
 Irradiate                Conj/Tmut      ##........   100%        5    ####...
 Gell's Gravitas          Tloc           ######....   0%          3    None
 Yara's Violent Unravell  Hex/Tmut       ##........   100%        5    ####...
 Infestation              Necr           ##........   100%        8    #######
 Lesser Beckoning         Tloc           ######....   0%          3    None
 Poisonous Vapours        Pois/Air       ##....       50%         2    None
 Ignition                 Fire           ##........   100%        8    #######
 Borgnjor's Vile Clutch   Necr/Erth      ##........   100%        5    ####...


Dungeon Overview and Level Annotations

Branches:
Dungeon (15/15)            Temple (0/1) D:5            Lair (6/6) D:11
 Shoals (4/4) Lair:2        Snake (4/4) Lair:4        Slime (5/5) Lair:5
    Orc (2/2) D:10            Elf (3/3) Orc:2        Vaults (5/5) D:14
  Crypt (3/3) Vaults:3       Tomb (3/3) Crypt:3      Depths (5/5) D:15
   Hell (1/1)                 Dis (7/7) Hell            Geh (7/7) Hell
    Coc (7/7) Hell            Tar (7/7) Hell            Zot (5/5) Depths:5

Altars:
Cheibriados
Dithmenos
Elyvilon
Fedhas
Nemelex Xobeh
Okawaru
Qazlal
Ru
Sif Muna
Vehumet
Xom
Yredelemnul
The Shining One
Beogh

Shops:
D:6 !   D:9 =**!   D:11 *   D:14 (   Orc:2 *[[*==**   Elf:1 %[*   Elf:2 [*[?
Elf:3 [   Vaults:1 :   Vaults:3 :?   Depths:3 [=}}   Depths:4 :

Portals:
Hell: Depths:1 Depths:2 Depths:3 Depths:4 Depths:5
Abyss: Depths:1 Depths:4
Pandemonium: Depths:3
Ziggurat: Depths:4

Annotations:
Zot:1 , 1 runed door, kirsanium's ghost, legendary FoFi


Innate Abilities, Weirdness & Mutations

You are resistant to torment.
Your stone body is resilient. (AC +20)
You are immune to poison.
Your large and strong wings let you fly indefinitely.
You resist negative energy. (rN+)
You are resistant to electric shocks. (rElec)
You can survive without breathing.
You are immune to petrification.
You are immune to rotting.
You are surrounded by a mild repulsion field. (EV +2)
You possess an exceptional clarity of mind.
Your body sometimes deteriorates upon taking damage.


Message History

You slice the lorocyproca!!
The lorocyproca convulses!!!
The lorocyproca is almost dead.
The lorocyproca hits you but does no damage.
You block the red devil's attack.
You hit the lorocyproca.
You kill the lorocyproca!
The Shining One accepts your kill.
The red devil hops backward while attacking.
The red devil closely misses you.
The red devil hops backward while attacking.
You block the red devil's attack. You block the red devil's attack.
You slice the red devil!!
You kill the red devil!
The Shining One accepts your kill.
No target in view!
You see here a trident.
There is a stone staircase leading down here.
There is a staircase leading out of the dungeon here.
You have escaped!

##..................#....#.......
#.........#.#......#....#.#####.
#....####.#...####..............
#....#.......## ##..####.######
#####.#.......# #.......######
..###.#.......## ##......##.....
..)...#..§≈≈≈..####..≈≈≈≈..#.....
..#####.≈≈§≈≈≈......≈≈≈≈≈≈.#.)...
.....##.≈§≈≈≈≈..@>..≈≈≈≈≈≈.#.....
.....##.§§≈≈≈≈......≈≈≈≈≈≈.......
.....##..§≈≈§...##...≈≈≈≈........
.....###.......###........##.....
.....####.########...#######.^...
...................### #.....
..........########## #.....
..........# #..... ..........#
#.....


There were no monsters in sight!

Vanquished Creatures
  Asmodeus (Geh:7)
  Antaeus (Coc:7)
  the Royal Jelly (Slime:5)
  Gloorx Vloq (Pan)
  the Serpent of Hell (Dis:7)
  Mnoleg (Pan)
  Dispater (Dis:7)
  9 orbs of fire
  Khufu (Crypt:3)
  Mennas (Pan)
  2 juggernauts
  14 ancient liches
  10 greater mummies
  6 curse toes
  Geryon (Hell)
  3 Killer Klowns
  The ghost of Ijustatesigmund the Bringer of Light, an adept HOFi of the Shining One (Vaults:4)
  8 golden dragons
  2 profane servitors
  10 Brimstone Fiends
  7 bone dragons
  6 doom hounds
  18 Tzitzimimeh
  5 iron giants
  5 electric golems
  17 liches
  3 Hell Sentinels (Dis:7)
  19 tentacled monstrosities
  11 Ice Fiends
  27 Orb Guardians
  8 titans
  10 quicksilver dragons
  2 deep elf blademasters (Elf:3)
  3 deep elf master archers (Elf:3)
  Murray (Hell)
  16 acid blobs
  2 krakens
  13 sphinxes
  19 Executioners
  19 ancient champions
  7 tentacled starspawn
  7 death cobs
  Kirke (Shoals:3)
  15 shadow dragons
  An eldritch tentacle (Coc:2)
  9 storm dragons
  8 tengu reavers
  7 pandemonium lords
  3 revenants
  7 azure jellies (Slime:5)
  6 draconian monks
  4 daevas (Pan)
  8 nagarajas
  14 frost giants
  14 fire giants
  5 draconian knights
  8 ghost moths
  16 deep elf sorcerers
  11 draconian scorchers
  7 iron dragons
  11 black suns
  14 vault wardens
  Louise (D:14)
  9 cacodemons
  4 deep elf elementalists (Elf:3)
  6 corrupters (Pan)
  2 angels (Pan)
  An orc warlord (Orc:2)
  23 balrugs
  41 stone giants
  7 draconian annihilators
  6 curse skulls
  3 warmongers (Pan)
  10 ironheart preservers
  7 draconian shifters
  36 very ugly things
  17 draconian stormcallers
  14 ghouls
  10 war gargoyles
  50 reapers
  3 spriggan defenders
  3 elemental wellsprings (Coc:7)
  2 blood saints (Pan)
  6 bennus
  20 starcursed masses
  An entropy weaver (Vaults:5)
  7 green draconians
  13 vampire knights
  9 lorocyprocas
  11 yellow draconians
  Azrael (Orc:2)
  10 deep elf annihilators
  8 red draconians
  5 deep elf demonologists (Elf:3)
  A minotaur (Lab)
  13 black draconians
  4 spark wasps
  3 dire elephants (Lair:6)
  15 ettins
  An orange crystal statue (WizLab)
  A spark wasp (shapeshifter) (Vaults:5)
  6 purple draconians
  Snorg (D:10)
  12 white draconians
  6 deep elf death magi
  11 death oozes
  7 merfolk javelineers
  18 merfolk impalers
  A crystal guardian (Vaults:4)
  6 eidola
  27 blizzard demons
  11 green deaths (Pan)
  15 fire dragons
  19 mummy priests
  22 jiangshi
  11 ogre magi
  3 quicksilver dragon zombies
  13 yaktaur captains
  8 deep elf high priests
  14 great orbs of eyes
  31 vault guards
  6 monstrous demonspawn (Pan)
  7 rakshasas
  4 hydras
  2 hell beasts
  24 naga warriors
  26 ice dragons
  A kraken zombie (Coc:7)
  2 quicksilver dragon skeletons
  9 centaur warriors
  A ghost crab (Tar:2)
  6 spriggan air magi
  12 anacondas
  10 death knights
  A satyr (Shoals:2)
  9 merfolk avatars
  2 alligator snapping turtles (Shoals:4)
  4 merfolk aquamancers (Shoals:4)
  31 dancing weapons
  A spectral fire giant (Crypt:3)
  A queen ant (Lair:2)
  42 two-headed ogres
  16 deep troll shamans
  11 tengu warriors
  16 hell hogs
  13 deep troll earth magi
  8 shock serpents
  11 thrashing horrors
  The ghost of Wokom the Slicer, a novice FoEn of Uskayaw (D:13)
  7 orc high priests (Orc:2)
  19 death scarabs
  A shock serpent (shapeshifter) (Vaults:2)
  3 storm dragon zombies
  14 vampire magi
  20 deep elf knights
  18 naga sharpshooters
  2 spriggan berserkers
  34 soul eaters
  3 titan zombies
  The ghost of Vajrapani the Covert, a novice OpAs of Gozag (D:8)
  Sonja (Lair:2)
  Nergalle (Orc:1)
  38 sun demons
  An iron golem (Hell)
  13 small abominations
  3 titan skeletons
  4 wretched stars
  130 skeletal warriors
  12 sixfirhies
  8 iron trolls
  A fire crab (shapeshifter) (Depths:3)
  2 unseen horrors (shapeshifter)
  63 hell knights
  5 storm dragon skeletons
  2 fire crabs
  8 shadow wraiths
  6 unseen horrors
  3 golden dragon zombies
  5 salamander mystics
  20 shadow demons
  4 ghost moth zombies
  63 deep trolls
  3 spatial maelstroms
  7 anaconda zombies
  9 deep elf archers
  6 gelid demonspawn (Pan)
  9 glowing orange brains
  9 torturous demonspawn (Pan)
  A cherub (Pan)
  4 sea snakes
  11 infernal demonspawn (Pan)
  18 ironbrand convokers
  A shadow dragon zombie (Tar:7)
  12 naga ritualists
  2 swamp dragons (shapeshifter)
  4 wizards
  17 phantasmal warriors
  2 golden dragon skeletons
  21 orc knights
  13 flayed ghosts
  9 anaconda skeletons
  2 oklob plants
  47 deep elf magi
  An orb spider (Abyss:4)
  22 mana vipers
  37 necromancers
  5 frost giant zombies
  19 harpies
  2 human zombies (Vaults:1)
  2 tengu skeletons (Depths:3)
  5 wolf spiders
  7 fire giant zombies
  5 shadow dragon skeletons
  A wolf spider (shapeshifter) (Vaults:2)
  A manticore (shapeshifter) (Vaults:5)
  13 salamanders
  4 iron dragon zombies
  49 ugly things
  A moth of wrath (shapeshifter) (D:14)
  38 cyclopes
  14 manticores
  A stone giant zombie (Vaults:4)
  3 orc sorcerers
  3 shining eyes
  17 fauns
  17 elephants
  An iron dragon skeleton (Tar:1)
  4 ice statues
  2 fire giant skeletons
  A guardian serpent (shapeshifter) (D:14)
  34 moths of wrath
  Joseph (D:7)
  6 guardian serpents (Snake:4)
  5 centaur zombies
  27 smoke demons
  2 dire elephant zombies
  6 frost giant skeletons
  2 shock serpent zombies
  8 water nymphs
  2 black mambas (shapeshifter)
  A worldbinder (Abyss:4)
  7 merfolk sirens
  12 orange demons
  A stone giant skeleton (Tar:1)
  An eye of devastation (Slime:1)
  4 molten gargoyles (Geh:7)
  37 black mambas
  18 vault sentinels
  17 naga magi
  8 spectral swamp worms (Tar:7)
  3 torpor snails
  23 rust devils
  2 gargoyles
  2 shock serpent skeletons (Pan)
  12 spiny frogs
  A spiny frog (shapeshifter) (Depths:1)
  A swamp worm zombie (Crypt:1)
  50 yaktaurs
  5 kobold demonologists
  2 komodo dragons (shapeshifter)
  3 rime drakes (shapeshifter)
  6 rime drakes
  A red draconian zombie (Crypt:1)
  8 komodo dragons
  37 freezing wraiths
  20 tormentors
  19 hellions
  2 dire elephant skeletons
  2 efreet
  An anaconda simulacrum (Coc:7)
  5 hellwings (Pan)
  25 ice devils
  8 demonic crawlers
  A pale draconian skeleton (Crypt:2)
  12 hydra zombies
  31 guardian mummies
  21 red devils
  4 tengu conjurers
  A jumping spider (shapeshifter) (Vaults:2)
  2 harpy zombies
  2 hornets
  A queen bee (Abyss:4)
  A meliai (shapeshifter) (Depths:3)
  18 polar bears
  2 polar bears (shapeshifter)
  18 trolls
  5 ancient zymes
  4 meliai (Abyss:4)
  32 merfolk
  8 wind drakes
  A queen bee (shapeshifter) (Elf:1)
  27 blink frogs
  A moth of wrath zombie (Crypt:1)
  11 bog bodies
  An iron dragon simulacrum (Crypt:3)
  A blink frog (shapeshifter) (Vaults:2)
  A stone giant simulacrum (Vaults:5)
  Prince Ribbit (D:6)
  3 hydra skeletons
  14 raiju
  51 slime creatures
  5 ettin zombies
  2 ice dragon zombies
  8 alligator zombies
  A deep troll zombie (Depths:1)
  6 fire dragon zombies
  2 dream sheep (Shoals:2)
  A frost giant simulacrum (Crypt:3)
  3 human simulacra
  13 snapping turtles
  A spriggan zombie (D:15)
  Sigmund (D:5)
  10 hippogriffs
  4 alligator skeletons
  A deep troll skeleton (D:15)
  4 ettin skeletons
  112 flying skulls
  2 air elementals
  4 fire dragon skeletons
  20 shadows
  2 tarantellas (shapeshifter)
  2 wyverns (Lair:2)
  A centaur simulacrum (D:13)
  17 ushabtiu
  A vampire (D:14)
  21 fire elementals
  4 hogs (Shoals:3)
  4 redbacks
  3 ice dragon skeletons
  2 spriggans (shapeshifter)
  18 ynoxinuls
  Eustachio (D:5)
  14 water elementals
  67 yaks
  24 wraiths
  A basilisk (shapeshifter) (D:14)
  6 basilisks
  A hog (shapeshifter) (Depths:3)
  A black mamba skeleton (Geh:5)
  A golden eye (shapeshifter) (Abyss:4)
  3 golden eyes (Slime:2)
  3 steam dragons
  Grum (D:10)
  17 chaos spawn
  12 neqoxecs
  8 hungry ghosts
  A glowing shapeshifter zombie (Crypt:1)
  A yaktaur simulacrum (Vaults:2)
  4 vampire mosquitoes (D:13)
  11 wargs
  A spatial vortex (Abyss:4)
  Edmund (D:4)
  76 nagas
  16 soldier ants (Lair:2)
  26 large abominations
  A merfolk zombie (Tomb:3)
  3 acid dragons (Vaults:1)
  3 hydra simulacra
  7 porcupines
  Duvessa (D:4)
  6 spiny frog zombies
  3 spiny frog skeletons
  18 water moccasins
  2 floating eyes
  60 orc warriors
  16 hell hounds
  11 ice beasts
  17 black bears
  A black bear (shapeshifter) (Vaults:5)
  6 phantoms
  A manticore zombie (Coc:7)
  7 sky beasts
  17 necrophages
  5 snapping turtle zombies
  5 eyes of draining
  A swamp dragon zombie (Dis:1)
  7 wolves
  An ettin simulacrum (Abyss:3)
  42 ogres
  8 boggarts
  4 snapping turtle skeletons
  12 crocodiles
  A swamp dragon skeleton (Pan)
  21 centaurs
  3 manticore skeletons
  6 big kobolds
  An elf zombie (Dis:5)
  21 bullfrogs
  A komodo dragon zombie (Crypt:2)
  2 spiny frog simulacra
  Dowan (D:4)
  2 earth elementals
  2 hornet simulacra (Vaults:1)
  A water moccasin zombie (D:9)
  6 scorpions
  13 killer bees
  26 wights
  A howler monkey (D:3)
  2 troll skeletons
  19 crimson imps
  An elf simulacrum (Hell)
  4 quasits
  3 bullfrog zombies
  5 hounds
  2 jellies
  43 orc priests
  5 bullfrog skeletons
  17 iron imps
  28 orc wizards
  5 centaur skeletons
  Terence (D:2)
  A basilisk skeleton (Crypt:1)
  A human skeleton (Crypt:2)
  5 iguanas
  A porcupine zombie (Crypt:1)
  A spriggan simulacrum (Hell)
  46 worker ants
  An ogre zombie (Crypt:2)
  2 tengu zombies
  A crocodile skeleton (Crypt:2)
  A naga skeleton (Crypt:2)
  28 mummies
  An ogre skeleton (Crypt:1)
  2 hound skeletons
  5 worker ant zombies
  12 adders
  10 gnolls
  A howler monkey skeleton (D:10)
  8 shadow imps
  11 white imps
  An ooze (D:1)
  An adder skeleton (D:5)
  6 adder zombies
  2 worms (D:2)
  A dart slug (D:5)
  6 leopard geckos
  118 orcs
  2 ball pythons
  5 giant cockroaches
  8 goblins
  7 hobgoblins
  15 jackals
  39 kobolds
  4 quokkas
  A ball python skeleton (Ossuary)
  9 bats
  3 frilled lizards
  A giant cockroach zombie (D:5)
  A goblin zombie (Crypt:2)
  A hobgoblin skeleton (Ossuary)
  A hobgoblin zombie (Ossuary)
  2 leopard gecko zombies
  3 orc skeletons
  An orc zombie (Ossuary)
  2 quokka skeletons
  8 rats
  9 fire vortices
  4 fungi
  27 plants
  9 starspawn tentacles
  9 tentacles
  A withered plant (D:15)
4606 creatures vanquished.

Vanquished Creatures (collateral kills)
  Cerebov (Pan)
  Ereshkigal (Tar:7)
  Lom Lobon (Pan)
  A Tzitzimitl (Tar:7)
  A Brimstone Fiend (Geh:7)
  A Hell Sentinel (Dis:7)
  2 balrugs (Pan)
  A stone giant (Tar:7)
  2 dire elephants (Lair:6)
  A ghost crab (Tar:7)
  A titan zombie (Geh:7)
  A sun demon (Pan)
  A soul eater (Tar:7)
  3 skeletal warriors (Tar:7)
  A naga ritualist (Snake:1)
  A fire giant zombie (Tar:7)
  A golden dragon skeleton (Tar:7)
  2 ugly things (D:14)
  2 cyclopes (Pan)
  A manticore (D:14)
  A spectral swamp worm (Tar:7)
  An efreet (Pan)
  2 red devils
  2 ice devils
  A hydra skeleton (Coc:7)
  An ice dragon zombie (Tar:7)
  2 flying skulls
  A naga (Snake:1)
  A spiny frog zombie (Geh:2)
  A wight (Tar:7)
  A human zombie (Coc:7)
  3 orcs (Orc:2)
  A plant (Lair:6)
44 creatures vanquished.

Vanquished Creatures (others)
  An ancient lich (Vaults:5)
  A lich (Pan)
  A Hell Sentinel (Dis:7)
  A draconian knight (Zot:1)
  A curse skull (Crypt:1)
  An elemental wellspring (Coc:2)
  A blood saint (Pan)
  A deep elf death mage (Crypt:1)
  A rakshasa (Pan)
  11 death scarabs
  2 hell hogs (Geh:7)
  2 ogre magi
  A hell knight (Dis:7)
  An unseen horror (D:12)
  A glowing orange brain (Pan)
  A deep elf mage (Elf:2)
  A cyclops (Tomb:1)
  4 moths of wrath (Zot:5)
  A rust devil (Dis:7)
  A rime drake (Shoals:4)
  A tormentor (Dis:1)
  A shadow (Geh:1)
  A flying skull (Tar:7)
  A warg (Orc:2)
  A floating eye (Depths:5)
  2 orc warriors
  A necrophage (Tar:7)
  An ogre (Vaults:4)
  A large abomination (Abyss:3)
  A hound (D:5)
  An iron imp (Dis:7)
  A worker ant (D:5)
  2 mummies
  An adder (D:5)
  A ball lightning (Pan)
  3 orcs
  A block of ice (Pan)
  8 fungi
  6 plants
  15 starspawn tentacles
  17 tentacles
102 creatures vanquished.

Grand Total: 4752 creatures vanquished

Notes
Turn   | Place    | Note
-------+----------+-------------------------------------------
     0 | D:1      | Thaneod the Gargoyle Berserker began the quest for the Orb.
     0 | D:1      | Reached XP level 1. HP: 14/14 MP: 1/1
    81 | D:1      | Reached XP level 2. HP: 11/19 MP: 2/2
   215 | D:1      | Reached XP level 3. HP: 22/23 MP: 3/3
   334 | D:1      | Reached ** piety under Trog
   648 | D:2      | HP: 1/34 [worm (4)]
  1132 | D:2      | You fall through a shaft!
  1202 | D:3      | Reached XP level 4. HP: 29/29 MP: 4/4
  1208 | D:3      | Reached skill level 1 in Shields
  1521 | D:2      | Noticed Terence
  1524 | D:2      | Killed Terence
  1524 | D:2      | Reached XP level 5. HP: 33/33 MP: 5/5
  1562 | D:2      | Reached *** piety under Trog
  1583 | D:2      | Found a sparkling altar of Nemelex Xobeh.
  1686 | D:2      | Found a snail-covered altar of Cheibriados.
  2453 | D:4      | Noticed Duvessa
  2453 | D:4      | Noticed Dowan
  2460 | D:4      | Killed Duvessa
  2460 | D:4      | Reached XP level 6. HP: 38/38 MP: 6/6
  2467 | D:4      | Killed Dowan
  2504 | D:4      | Noticed a phantom
  2507 | D:4      | Reached XP level 7. HP: 44/44 MP: 7/7
  2567 | D:4      | Got a serpentine iron amulet
  2643 | D:4      | Reached skill level 5 in Fighting
  2643 | D:4      | Reached skill level 5 in Axes
  2846 | D:4      | Noticed Edmund
  2854 | D:4      | Killed Edmund
  2854 | D:4      | Reached XP level 8. HP: 49/49 MP: 8/8
  3519 | D:5      | Entered Level 5 of the Dungeon
  3532 | D:5      | Found a shimmering altar of Xom.
  3715 | D:5      | Found a shadowy altar of Dithmenos.
  3715 | D:5      | Noticed Sigmund
  3725 | D:5      | Killed Sigmund
  3725 | D:5      | Reached skill level 5 in Armour
  3738 | D:5      | Reached **** piety under Trog
  3913 | D:5      | Noticed Eustachio
  3925 | D:5      | Killed Eustachio
  3928 | D:5      | Found a staircase to the Ecumenical Temple.
  4053 | D:5      | Identified the amulet "Panag" {Faith rElec MR+ Str+5 Dex+4} (You found it on level 4 of the Dungeon)
  4120 | D:6      | Noticed Prince Ribbit
  4130 | D:6      | Killed Prince Ribbit
  4130 | D:6      | Reached XP level 9. HP: 37/55 MP: 3/9
  4441 | D:6      | Found Lahuff's Distillery.
  4449 | D:6      | Bought a potion of flight for 42 gold pieces
  4449 | D:6      | Bought a potion of curing for 42 gold pieces
  4449 | D:6      | Bought a potion of haste for 140 gold pieces
  4485 | D:6      | Found a sacrificial altar of Ru.
  4989 | D:7      | Noticed Joseph
  5002 | D:7      | Killed Joseph
  5062 | D:7      | Found a sand-covered staircase.
  5087 | Ossuary  | Entered an ossuary
  5397 | Ossuary  | Reached skill level 1 in Evocations
  5557 | D:7      | Reached ***** piety under Trog
  5600 | D:7      | Reached XP level 10. HP: 64/64 MP: 11/11
  5740 | D:7      | Found a stormy altar of Qazlal.
  6061 | D:8      | Found a glowing golden altar of the Shining One.
  6287 | D:8      | Found a white marble altar of Elyvilon.
  6445 | D:8      | Found a runed gate.
  6447 | D:8      | Found a runed gate.
  6447 | D:8      | Found a runed gate.
  6449 | D:8      | Noticed Vajrapani's ghost (novice OpAs)
  6507 | D:8      | Killed Vajrapani's ghost
  6637 | D:9      | Found an iron altar of Okawaru.
  6697 | D:9      | Received a gift from Trog
  6732 | D:9      | Reached skill level 5 in Shields
  6837 | D:9      | Found Ytomomua's Distillery.
  6840 | D:9      | Found Hazin's Jewellery Shop.
  6841 | D:9      | Found Nelin's General Store.
  6842 | D:9      | Found Gerown's General Store.
  6844 | D:9      | Bought a potion of invisibility for 96 gold pieces
  6844 | D:9      | Bought a potion of heal wounds for 60 gold pieces
  6844 | D:9      | Bought a potion of curing for 36 gold pieces
  6851 | D:9      | Bought a scroll of magic mapping for 49 gold pieces
  7058 | D:9      | Reached skill level 10 in Axes
  7058 | D:9      | Reached XP level 11. HP: 69/69 MP: 12/14
  7309 | D:9      | Found a deep blue altar of Sif Muna.
  7402 | D:10     | Entered Level 10 of the Dungeon
  7402 | D:10     | Noticed Snorg
  7416 | D:10     | Killed Snorg
  7650 | D:10     | Noticed a two-headed ogre
  7656 | D:10     | Killed a two-headed ogre
  7692 | D:10     | Found a staircase to the Orcish Mines.
  7699 | D:10     | Killed an unseen horror
  7919 | D:10     | Noticed Grum
  7930 | D:10     | Killed Grum
  7975 | D:10     | Noticed a cyclops
  7978 | D:10     | Killed a cyclops
  8544 | D:11     | Noticed a five-headed hydra
  8557 | D:11     | Killed a five-headed hydra
  8557 | D:11     | Reached skill level 10 in Fighting
  8682 | D:11     | Received a gift from Trog
  8822 | D:11     | Reached ****** piety under Trog
  8876 | D:11     | Reached XP level 12. HP: 71/77 MP: 15/15
  9254 | D:11     | Found Bonaun's Assorted Antiques.
  9285 | D:11     | Bought a scroll of identify for 62 gold pieces
  9285 | D:11     | Bought a scroll labeled ZIMMEJ REIMMIU for 31 gold pieces
  9285 | D:11     | Bought a ruby potion for 27 gold pieces
  9318 | D:11     | Found a staircase to the Lair.
  9789 | D:12     | Got a pair of warped boots
  9806 | D:12     | Identified the +1 pair of boots of Botassuc {rPois Regen+ Str+2 Int-3} (You found it on level 12 of the Dungeon)
  9850 | D:12     | Received a gift from Trog
 10319 | Orc:1    | Entered Level 1 of the Orcish Mines
 10333 | Orc:1    | Noticed Nergalle
 10344 | Orc:1    | Killed Nergalle
 10764 | Orc:1    | Received a gift from Trog
 10909 | Orc:2    | Entered Level 2 of the Orcish Mines
 10914 | Orc:2    | Found Ferghikh's Armour Emporium.
 10915 | Orc:2    | Noticed a two-headed ogre
 10917 | Orc:2    | Noticed Azrael
 10923 | Orc:2    | Noticed an orc warlord
 10927 | Orc:2    | Noticed an orc high priest
 11038 | Orc:2    | Found a roughly hewn altar of Beogh.
 11038 | Orc:2    | Noticed an orc high priest
 11047 | Orc:2    | Killed an orc high priest
 11050 | Orc:2    | Reached XP level 13. HP: 84/84 MP: 16/16
 11077 | Orc:2    | Reached skill level 5 in Dodging
 11077 | Orc:2    | Reached skill level 5 in Evocations
 11189 | Orc:2    | Killed an orc warlord
 11282 | Orc:2    | HP: 4/85 [smoke demon/divine providence[an orc high priest] (11)]
 11442 | Orc:2    | Received a gift from Trog
 11837 | Orc:2    | Killed Azrael
 11922 | Orc:2    | Bought the -2 hat of the Alchemist {rElec rPois rF+ rC+ rN+ MR+ rMut rCorr} for 849 gold pieces
 11922 | Orc:2    | Found the -2 hat of the Alchemist {rElec rPois rF+ rC+ rN+ MR+ rMut rCorr}
 11954 | Orc:2    | Found a staircase to the Elven Halls.
 11969 | Orc:2    | Found Iffeax's Assorted Antiques.
 11972 | Orc:2    | Bought a scroll labeled WEVUEC BEMP for 22 gold pieces
 11982 | Orc:2    | Found Cuohepha's Armour Shoppe.
 12198 | Orc:2    | Found Hip Anak's Jewellery Shoppe.
 12201 | Orc:2    | Found Wigedoc's Assorted Antiques.
 12201 | Orc:2    | Found Kausomi's Jewellery Shoppe.
 12202 | Orc:2    | Found Ysavyifi's Assorted Antiques.
 12219 | Orc:2    | Bought a scroll labeled ROFEFU JAZULUNT for 25 gold pieces
 12219 | Orc:2    | Bought a scroll labeled OGUHIV YG MEO for 25 gold pieces
 12288 | Orc:2    | Found Wakusi's Assorted Antiques.
 12546 | Lair:1   | Entered Level 1 of the Lair of Beasts
 12582 | Lair:1   | Reached skill level 10 in Armour
 12778 | Lair:1   | Gained mutation: Your large and strong wings let you fly indefinitely. [Gargoyle growth]
 12778 | Lair:1   | Reached XP level 14. HP: 88/92 MP: 18/18
 12783 | Lair:1   | Received a gift from Trog
 12831 | Lair:1   | Found a snail-covered altar of Cheibriados.
 13617 | Lair:2   | Found a staircase to the Shoals.
 13651 | Lair:2   | Noticed Sonja
 13698 | Lair:2   | Killed Sonja
 13888 | Lair:2   | Received a gift from Trog
 14400 | Lair:3   | Reached skill level 15 in Axes
 14834 | Lair:3   | Received a gift from Trog
 15279 | Lair:4   | Found a staircase to the Snake Pit.
 16245 | Lair:5   | Found a staircase to the Slime Pits.
 16553 | Lair:6   | Entered Level 6 of the Lair of Beasts
 16602 | Lair:6   | Reached XP level 15. HP: 53/96 MP: 21/21
 17067 | Lair:6   | Received a gift from Trog
 17767 | Lair:6   | Identified the amulet "Cyfypp" {Acrobat *Drain +Fly rElec} (You found it on level 6 of the Lair of Beasts)
 18456 | D:13     | Reached skill level 10 in Evocations
 18515 | D:13     | Received a gift from Trog
 18686 | D:13     | Noticed a sphinx
 18696 | D:13     | Received a gift from Trog
 18711 | D:13     | Killed a sphinx
 19118 | D:13     | Found a runed door.
 19543 | D:13     | Noticed Wokom's ghost (novice FoEn)
 19555 | D:13     | Killed Wokom's ghost
 19645 | D:14     | Reached XP level 16. HP: 101/101 MP: 23/23
 19647 | D:14     | Received a gift from Trog
 19954 | D:14     | Received a gift from Trog
 19979 | D:14     | Noticed Louise
 20004 | D:14     | Killed Louise
 20093 | D:14     | Found a gate to the Vaults.
 20098 | D:14     | Found Pogiv's Weapon Shop.
 20633 | D:15     | Entered Level 15 of the Dungeon
 20754 | D:15     | Found a stormy altar of Qazlal.
 20756 | D:15     | Found a labyrinth entrance.
 20765 | Lab      | Entered a labyrinth
 21116 | Lab      | Got an ancient buckler
 21127 | Lab      | Identified the +1 buckler "Vetaar" {rPois rF+ rN+ Int+4} (You found it in a labyrinth)
 21214 | D:15     | Found a staircase to the Depths.
 21235 | D:15     | Received a gift from Trog
 21970 | Snake:1  | Entered Level 1 of the Snake Pit
 22077 | Snake:1  | Reached XP level 17. HP: 45/109 MP: 10/24
 22905 | Snake:2  | Received a gift from Trog
 24178 | Snake:3  | Received a gift from Trog
 24259 | Snake:3  | Received a gift from Trog
 24775 | Snake:4  | Entered Level 4 of the Snake Pit
 24788 | Snake:4  | Reached XP level 18. HP: 113/118 MP: 25/25
 24791 | Snake:4  | Reached skill level 15 in Fighting
 24930 | Snake:4  | Received a gift from Trog
 25151 | Snake:4  | Received a gift from Trog
 25407 | Snake:4  | Received a gift from Trog
 25422 | Snake:4  | Found a stormy altar of Qazlal.
 25851 | Snake:4  | Got a serpentine rune of Zot
 26175 | Vaults:1 | Entered Level 1 of the Vaults
 26629 | Vaults:1 | Reached XP level 19. HP: 126/126 MP: 26/26
 26876 | Vaults:1 | Found Vodghoow's Book Shop.
 27412 | Vaults:2 | Received a gift from Trog
 27835 | Vaults:2 | Received a gift from Trog
 28458 | Vaults:3 | Received a gift from Trog
 28811 | Vaults:3 | Found Fecalum's Magic Scroll Shoppe.
 28818 | Vaults:3 | Bought a scroll of identify for 38 gold pieces
 28818 | Vaults:3 | Bought a scroll of identify for 38 gold pieces
 28888 | Vaults:3 | Reached XP level 20. HP: 126/135 MP: 27/27
 28995 | Vaults:3 | Received a gift from Trog
 29034 | Vaults:3 | Found a staircase to the Crypt.
 29519 | Vaults:3 | Reached skill level 10 in Shields
 29556 | Vaults:3 | Found Qyuwe's Book Shoppe.
 30243 | Vaults:4 | Received a gift from Trog
 30843 | Vaults:4 | Found a runed door.
 30906 | Vaults:4 | Noticed Ijustatesigmund's ghost (adept HOFi)
 31135 | Vaults:5 | Entered Level 5 of the Vaults
 31143 | Vaults:5 | Received a gift from Trog
 31158 | Vaults:5 | Noticed an ancient lich
 31163 | Vaults:5 | Reached XP level 21. HP: 143/143 MP: 28/28
 31182 | Vaults:5 | Killed an ancient lich
 31186 | Vaults:5 | Received a gift from Trog
 31186 | Vaults:5 | Reached skill level 10 in Dodging
 31192 | Vaults:5 | Received a gift from Trog
 31539 | Vaults:5 | Received a gift from Trog
 31723 | Vaults:5 | Reached XP level 22. HP: 142/153 MP: 29/29
 31729 | Vaults:5 | Noticed a golden dragon
 31750 | Vaults:5 | Killed a golden dragon
 31760 | Vaults:5 | Received a gift from Trog
 31789 | Vaults:5 | Reached skill level 15 in Armour
 31890 | Vaults:5 | Got a silver rune of Zot
 32034 | Vaults:5 | Identified the +2 pair of gloves of Precision Catastrophes {rElec} (You found it on level 5 of the Vaults)
 32788 | Elf:1    | Entered Level 1 of the Elven Halls
 32788 | Elf:1    | Found Nipsueka's Food Boutique.
 32879 | Elf:1    | Found Dail's Armour Emporium.
 32884 | Elf:1    | Bought the +3 pair of gauntlets of War {Slay+5} for 617 gold pieces
 32884 | Elf:1    | Found the +3 pair of gauntlets of War {Slay+5}
 33030 | Elf:1    | Received a gift from Trog
 33070 | Elf:1    | Found the ancient robe
 33179 | Elf:1    | Found Uliedig's Assorted Antiques.
 33183 | Elf:1    | Bought a scroll of identify for 62 gold pieces
 33246 | Elf:1    | You are sucked into a shaft!
 33411 | Elf:2    | Received a gift from Trog
 33475 | Elf:2    | Found a runed gate.
 33475 | Elf:2    | Found a runed gate.
 33476 | Elf:2    | Found a runed gate.
 33644 | Elf:2    | Found Vekequdgh's Armour Emporium.
 33644 | Elf:2    | Found Vurrestro's Assorted Antiques.
 33649 | Elf:2    | Found Alexip's Magic Scroll Emporium.
 33662 | Elf:2    | Found Amo Zaes's Antique Armour Shoppe.
 33680 | Elf:2    | Bought a scroll of teleportation for 57 gold pieces
 33680 | Elf:2    | Bought a scroll of enchant weapon for 142 gold pieces
 33680 | Elf:2    | Bought a scroll of identify for 38 gold pieces
 33680 | Elf:2    | Bought a scroll of teleportation for 57 gold pieces
 33686 | Elf:2    | Bought a pair of faintly humming gloves for 285 gold pieces
 33686 | Elf:2    | Identified the cursed -6 pair of gloves of Loggisis {rElec rPois} (You bought it in a shop on level 2 of the Elven Halls)
 33694 | Elf:2    | Bought a scroll of teleportation for 123 gold pieces
 34329 | Elf:1    | Received a gift from Trog
 34737 | Elf:3    | Entered Level 3 of the Elven Halls
 34752 | Elf:3    | Found a radiant altar of Vehumet.
 34893 | Elf:3    | Found Watoff's Antique Armour Boutique.
 34942 | Elf:3    | Reached XP level 23. HP: 162/162 MP: 30/30
 35138 | Elf:3    | Received a gift from Trog
 35269 | Elf:3    | Got a pitted marble ring
 35308 | Elf:3    | Identified Sif Muna's Incunabulum of the Traveller and Lightness
 35322 | Elf:3    | Identified the ring "Eklyrr" {Ice -Tele rPois Str+7} (You found it on level 3 of the Elven Halls)
 35380 | Elf:3    | Identified the Collected Works on Combat Magic
 35437 | Elf:3    | Found the +4 dagger "Morg" {pain, MR+ Int+5}
 35506 | Elf:3    | Got a twitching diamond amulet
 35622 | Elf:3    | Received a gift from Trog
 35625 | Elf:3    | Identified the amulet of Secrets {Harm *Drain MR+ SInv} (You found it on level 3 of the Elven Halls)
 35626 | Elf:3    | Identified the +12 broad axe "Orb Guardian's Peril" {freeze, Stlth+} (Trog gifted it to you on level 3 of the Elven Halls)
 36255 | Depths:1 | Entered Level 1 of the Depths
 36567 | Depths:1 | Found a gateway to Hell.
 36586 | Depths:1 | Received a gift from Trog
 36676 | Depths:1 | Found a one-way gate to the infinite horrors of the Abyss.
 36849 | Depths:1 | Cast into level 3 of the Abyss (a lich)
 37002 | Abyss:3  | Reached XP level 24. HP: 168/172 MP: 31/31
 37019 | Abyss:3  | Received a gift from Trog
 37021 | Abyss:3  | Paralysed by accursed screaming for 1 turns
 37563 | Depths:1 | Escaped the Abyss
 37606 | Depths:1 | Found a runed door.
 38089 | Depths:2 | Received a gift from Trog
 38802 | Depths:3 | Received a gift from Trog
 39048 | Depths:3 | Reached XP level 25. HP: 124/180 MP: 33/33
 39250 | Depths:3 | Found a one-way gate leading to the halls of Pandemonium.
 39260 | Depths:3 | Found Misewer's Armour Boutique.
 39424 | Depths:3 | Found Jittum's Gadget Shoppe.
 39430 | Depths:3 | Found Rekysul's Jewellery Boutique.
 39431 | Depths:3 | Found Orefod's Gadget Shoppe.
 39515 | Depths:3 | Paralysed by a floating eye for 4 turns
 39524 | Depths:3 | Paralysed by a floating eye for 2 turns
 39541 | Depths:3 | HP: 4/273 [spriggan air mage/the air (27)]
 39545 | Depths:3 | Paralysed by a floating eye for 2 turns
 39553 | Depths:3 | Paralysed by a floating eye for 3 turns
 39560 | Depths:3 | Received a gift from Trog
 39564 | Depths:3 | Paralysed by a floating eye for 3 turns
 39614 | Depths:3 | Identified Afuyti's Compendium of Evil Shape Shifting
 39690 | Depths:4 | Found Goghihoc's Book Shoppe.
 39728 | Depths:4 | Noticed a juggernaut
 39743 | Depths:4 | Killed a juggernaut
 39773 | Depths:4 | Reached skill level 15 in Evocations
 39787 | Depths:4 | Found the brooch of Shielding {Reflect SH+8}
 39885 | Depths:4 | Found a gateway to a ziggurat.
 39940 | Depths:4 | Received a gift from Trog
 40140 | Depths:4 | Identified the Collected Works on Companions and the Snowflakes
 40213 | Depths:4 | Noticed an ancient lich
 40223 | Depths:4 | Killed an ancient lich
 40301 | Depths:4 | Found a transporter.
 40399 | Depths:4 | Found a transporter.
 40402 | Depths:4 | Found the +10 zealot's sword {holy, *Rage rN+ EV+3}
 40532 | Depths:4 | Got a fine bronze amulet
 40547 | Depths:4 | Identified the amulet "Wofac" {Harm *Drain rPois SInv} (You found it on level 4 of the Depths)
 40548 | Depths:4 | Identified the ring "Yruuvaxa" {+Fly Slay+3} (You found it on level 4 of the Depths)
 40584 | Depths:5 | Entered Level 5 of the Depths
 41069 | Depths:5 | Received a gift from Trog
 41095 | Depths:5 | Reached XP level 26. HP: 192/192 MP: 34/34
 41190 | Depths:5 | Noticed a juggernaut
 41205 | Depths:5 | Killed a juggernaut
 41280 | Depths:5 | Received a gift from Trog
 41335 | Depths:5 | Found a gate to the Realm of Zot.
 41343 | Depths:5 | Reached skill level 27 in Fighting
 41861 | Shoals:1 | Entered Level 1 of the Shoals
 42060 | Shoals:1 | Cast into level 2 of the Abyss (merfolk)
 42320 | Abyss:4  | Received a gift from Trog
 42390 | Abyss:4  | Received a gift from Trog
 42571 | Abyss:4  | Got an abyssal rune of Zot
 42622 | Shoals:1 | Escaped the Abyss
 42925 | Shoals:1 | Found a blossoming altar of Fedhas.
 42939 | Shoals:1 | Received a gift from Trog
 43122 | Shoals:2 | Reached XP level 27. HP: 199/199 MP: 34/34
 43405 | Shoals:2 | Received a gift from Trog
 43410 | Shoals:2 | Identified the +8 broad axe of Idiho {venom, Dex+4 Stlth+} (Trog gifted it to you on level 2 of the Shoals)
 44219 | Shoals:3 | Noticed Kirke
 44237 | Shoals:3 | Killed Kirke
 44739 | Shoals:4 | Entered Level 4 of the Shoals
 44817 | Shoals:4 | Received a gift from Trog
 45505 | Shoals:4 | Identified the +6 mace "Z" {freeze, rElec Str+9 Int-2} (You found it on level 4 of the Shoals)
 45709 | Shoals:4 | Got a barnacled rune of Zot
 46477 | Vaults:4 | Killed Ijustatesigmund's ghost
 46479 | Vaults:4 | Identified Nycsef's Papyrus of Evil Magic and Moulding
 46783 | Zot:1    | Entered Level 1 of the Realm of Zot
 46786 | Zot:1    | Received a gift from Trog
 47027 | Zot:1    | Reached skill level 27 in Axes
 47092 | Zot:1    | Found a transporter.
 47346 | Zot:1    | Found a runed door.
 47355 | Zot:1    | Noticed kirsanium's ghost (legendary FoFi)
 47620 | Zot:1    | Found a radiant altar of Vehumet.
 47629 | Zot:1    | Noticed an ancient lich
 47638 | Zot:1    | Killed an ancient lich
 47669 | Zot:1    | Got a brightly glowing silver ring
 47670 | Zot:1    | Identified the cursed ring of Xasaik {+Fly rF- rN++ Dex-2 Slay-3} (You found it on level 1 of the Realm of Zot)
 47682 | Zot:1    | Noticed an orb of fire
 47694 | Zot:1    | Received a gift from Trog
 47713 | Zot:1    | Killed an orb of fire
 47907 | Zot:1    | Noticed an orb of fire
 47924 | Zot:1    | Gained mutation: You are frail. (-10% HP) [an orb of fire]
 47929 | Zot:1    | Killed an orb of fire
 47943 | Zot:1    | Found a transporter.
 48250 | Zot:2    | Noticed an orb of fire
 48265 | Zot:2    | Killed an orb of fire
 48282 | Zot:2    | Received a gift from Trog
 48434 | Zot:2    | Identified the +0 shield of the Lives {rC+ Regen+} (You acquired it on level 2 of the Realm of Zot)
 48708 | Zot:2    | Identified the amulet of Fyapsad {+Rage Dex+3} (You found it on level 2 of the Realm of Zot)
 49602 | Zot:4    | Noticed an ancient lich
 49626 | Zot:4    | Killed an ancient lich
 49641 | Zot:4    | Received a gift from Trog
 49668 | Zot:4    | Noticed an orb of fire
 49681 | Zot:4    | Killed an orb of fire
 50409 | Zot:4    | Received a gift from Trog
 50412 | Zot:4    | Identified the +9 battleaxe "Uchobbid" {venom, Str+5 Int-3} (Trog gifted it to you on level 4 of the Realm of Zot)
 50752 | Zot:4    | Noticed an orb of fire
 50766 | Zot:4    | Killed an orb of fire
 50892 | Zot:5    | Entered Level 5 of the Realm of Zot
 51163 | Zot:5    | Noticed an ancient lich
 51178 | Zot:5    | Noticed an ancient lich
 51183 | Zot:5    | Killed an ancient lich
 51199 | Zot:5    | Killed an ancient lich
 51298 | Zot:5    | Noticed an ancient lich
 51314 | Zot:5    | Killed an ancient lich
 51442 | Zot:5    | Noticed an orb of fire
 51444 | Zot:5    | Noticed an orb of fire
 51461 | Zot:5    | Killed an orb of fire
 51462 | Zot:5    | Noticed an ancient lich
 51473 | Zot:5    | Killed an orb of fire
 51473 | Zot:5    | Noticed an ancient lich
 51483 | Zot:5    | Killed an ancient lich
 51495 | Zot:5    | Noticed an orb of fire
 51508 | Zot:5    | Killed an orb of fire
 51508 | Zot:5    | Received a gift from Trog
 51525 | Zot:5    | Noticed an ancient lich
 51536 | Zot:5    | Killed an ancient lich
 51601 | Zot:5    | Noticed an orb of fire
 51615 | Zot:5    | Killed an orb of fire
 51620 | Zot:5    | Noticed an ancient lich
 51635 | Zot:5    | Killed an ancient lich
 51665 | Zot:5    | Killed an ancient lich
 51665 | Zot:5    | Reached skill level 27 in Armour
 51922 | Zot:5    | Noticed an ancient lich
 51938 | Zot:5    | Killed an ancient lich
 52114 | Zot:5    | Noticed an ancient lich
 52136 | Zot:5    | Killed an ancient lich
 52576 | Slime:1  | Entered Level 1 of the Pits of Slime
 52771 | Slime:5  | Entered Level 5 of the Pits of Slime
 52798 | Slime:5  | Noticed the Royal Jelly
 52801 | Slime:5  | Received a gift from Trog
 52828 | Slime:5  | Killed the Royal Jelly
 52831 | Slime:5  | Gained mutation: Your body sometimes deteriorates upon taking damage. [a shining eye]
 52965 | Slime:5  | Got a slimy rune of Zot
 53009 | Slime:5  | Identified the amulet of Xom's Best Wishes {Harm *Drain Str+3 Dex+6} (You found it on level 5 of the Pits of Slime)
 53059 | Slime:5  | Identified the amulet "Bevag" {Spirit Fragile +Inv rElec Int+4} (You found it on level 5 of the Pits of Slime)
 53254 | D:11     | Bought a scroll of identify for 62 gold pieces
 53254 | D:11     | Bought a ring of slaying for 62 gold pieces
 53254 | D:11     | Bought a scroll of identify for 62 gold pieces
 53254 | D:11     | Bought a scroll of identify for 62 gold pieces
 53327 | D:9      | Bought a scroll of identify for 28 gold pieces
 53327 | D:9      | Bought 2 potions of curing for 84 gold pieces
 53327 | D:9      | Bought a scroll of teleportation for 42 gold pieces
 53327 | D:9      | Bought a scroll of enchant armour for 105 gold pieces
 53332 | D:9      | Bought a scroll of fear for 45 gold pieces
 53332 | D:9      | Bought a scroll of fog for 26 gold pieces
 53332 | D:9      | Bought a potion of berserk rage for 65 gold pieces
 53332 | D:9      | Bought a scroll of teleportation for 39 gold pieces
 53460 | Orc:2    | Bought a scroll of identify for 68 gold pieces
 53460 | Orc:2    | Bought 2 potions of haste for 680 gold pieces
 53460 | Orc:2    | Bought 2 potions of agility for 272 gold pieces
 53460 | Orc:2    | Bought a potion of berserk rage for 170 gold pieces
 53460 | Orc:2    | Bought a scroll of identify for 68 gold pieces
 53460 | Orc:2    | Bought a potion of agility for 136 gold pieces
 53491 | Orc:2    | Bought a scroll of identify for 44 gold pieces
 53491 | Orc:2    | Bought a scroll of teleportation for 66 gold pieces
 53491 | Orc:2    | Bought a potion of haste for 220 gold pieces
 53614 | Elf:1    | Bought a wand of clouds (4) for 372 gold pieces
 53614 | Elf:1    | Bought a scroll of acquirement for 1612 gold pieces
 53614 | Elf:1    | Bought a potion of brilliance for 124 gold pieces
 53617 | Elf:1    | Identified the +0 helmet "Mitaehix" {+Inv} (You acquired it on level 1 of the Elven Halls)
 54510 | D:8      | Fell from the grace of Trog
 54510 | D:8      | Became a worshipper of the Shining One
 54779 | Crypt:1  | Entered Level 1 of the Crypt
 54779 | Crypt:1  | Reached * piety under the Shining One
 54790 | Crypt:1  | Reached ** piety under the Shining One
 55303 | Vaults:3 | Reached skill level 1 in Invocations
 55362 | Crypt:1  | Reached skill level 5 in Invocations
 55363 | Crypt:1  | Reached *** piety under the Shining One
 55399 | Crypt:1  | Reached **** piety under the Shining One
 55640 | Crypt:1  | Reached ***** piety under the Shining One
 56175 | Crypt:2  | Reached skill level 10 in Invocations
 56177 | Crypt:2  | Reached ****** piety under the Shining One
 56283 | Crypt:2  | Found a magical portal.
 56286 | WizLab   | Entered Wucad Mu's Monastery
 56421 | WizLab   | Found the +9 staff of Wucad Mu {channel}
 57227 | Crypt:3  | Entered Level 3 of the Crypt
 57417 | Crypt:3  | Found a basalt altar of Yredelemnul.
 57516 | Crypt:3  | Got a brightly glowing iron ring
 57519 | Crypt:3  | Identified the ring of Sosm {rN+ Dex+2} (You found it on level 3 of the Crypt)
 57520 | Crypt:3  | Identified the ring "Xaotem" {rN+ MR+} (You found it on level 3 of the Crypt)
 57603 | Crypt:3  | Found a staircase to the Tomb.
 57605 | Crypt:3  | Noticed Khufu
 57624 | Crypt:3  | Killed Khufu
 57691 | Crypt:3  | Reached skill level 15 in Invocations
 57758 | Crypt:3  | Got an ancient ivory amulet
 57759 | Crypt:3  | Identified the amulet "Emnanasmoc" {Spirit Str+4} (You found it on level 3 of the Crypt)
 58393 | Pan      | Entered Pandemonium
 58586 | Pan      | Found a white marble altar of Elyvilon.
 59146 | Pan      | Learned a level 1 spell: Summon Butterflies
 59149 | Pan      | Learned a level 2 spell: Blink
 59152 | Pan      | Learned a level 2 spell: Passwall
 59155 | Pan      | Learned a level 2 spell: Song of Slaying
 59160 | Pan      | Learned a level 4 spell: Passage of Golubria
 59169 | Pan      | Learned a level 8 spell: Controlled Blink
 59261 | Pan      | Found an exit through the horrors of the Abyss.
 59354 | Pan      | Noticed Xibau the pandemonium lord
 59365 | Pan      | Killed Xibau the pandemonium lord
 59432 | Pan      | Noticed Agiassul the pandemonium lord
 59472 | Pan      | Killed Agiassul the pandemonium lord
 59683 | Pan      | Gained mutation: You do not regenerate when monsters are visible. [a cacodemon]
 59744 | Pan      | Found a runed door.
 59760 | Pan      | Got a demonic rune of Zot
 59783 | Pan      | Lost mutation: Your body sometimes deteriorates upon taking damage. [potion of mutation]
 59783 | Pan      | Lost mutation: You are frail. (-10% HP) [potion of mutation]
 59783 | Pan      | Lost mutation: You do not regenerate when monsters are visible. [potion of mutation]
 59783 | Pan      | Gained mutation: You are surrounded by a mild repulsion field. (EV +2) [potion of mutation]
 59783 | Pan      | Gained mutation: You possess an exceptional clarity of mind. [potion of mutation]
 59806 | Pan      | Entered the realm of Lom Lobon.
 59824 | Pan      | Noticed Mennas
 59843 | Pan      | Killed Mennas
 59881 | Pan      | Found an exit through the horrors of the Abyss.
 60336 | Pan      | Noticed Lom Lobon
 60344 | Pan      | Got a magical rune of Zot
 60363 | Pan      | Killed Lom Lobon
 60532 | Pan      | Identified the cursed -6 pair of boots "Woderelygi" {+Blink rElec rPois MP+9} (You found it in Pandemonium)
 60548 | Pan      | Noticed Zahibrein the pandemonium lord
 60556 | Pan      | Killed Zahibrein the pandemonium lord
 60609 | Pan      | Entered the realm of Mnoleg.
 60630 | Pan      | Noticed Mnoleg
 60637 | Pan      | Gained mutation: Your body sometimes deteriorates upon taking damage. [a neqoxec]
 60645 | Pan      | Killed Mnoleg
 60688 | Pan      | Got a glowing rune of Zot
 60741 | Pan      | Entered the realm of Cerebov.
 60841 | Pan      | Noticed Cerebov
 60878 | Pan      | Killed Cerebov
 60899 | Pan      | Got a shimmering jade ring
 60900 | Pan      | Identified the ring "Lastupp" {rCorr SInv} (You found it in Pandemonium)
 60905 | Pan      | Identified the amulet of Vearorer {Harm *Drain rPois Str+3 Stlth-} (You found it in Pandemonium)
 60919 | Pan      | Identified the ring "Nisy" {rN+ Str+7 Dex-4 SInv} (You found it in Pandemonium)
 60974 | Pan      | Got a fiery rune of Zot
 61386 | Pan      | Noticed Wikoeh the pandemonium lord
 61400 | Pan      | Killed Wikoeh the pandemonium lord
 61478 | Pan      | Entered the realm of Gloorx Vloq.
 61826 | Pan      | Noticed Gloorx Vloq
 61840 | Pan      | Killed Gloorx Vloq
 61881 | Pan      | Got a dark rune of Zot
 62220 | Depths:3 | Escaped Pandemonium
 62243 | Hell     | Entered the Vestibule of Hell
 62243 | Hell     | Noticed Geryon
 62258 | Hell     | Noticed Murray
 62263 | Hell     | Killed Geryon
 62273 | Hell     | Killed Murray
 62312 | Hell     | Found a gateway to the ashen valley of Gehenna.
 62478 | Hell     | Found a gateway to the freezing wastes of Cocytus.
 62535 | Hell     | Found a gateway to the Iron City of Dis.
 62679 | Hell     | Found a gateway to the decaying netherworld of Tartarus.
 62688 | Tar:1    | Entered Level 1 of Tartarus
 62808 | Tar:1    | Identified a +9 executioner's axe of holy wrath (a +7 executioner's axe of electrocution blessed by the Shining One)
 62808 | Tar:1    | Received a gift from the Shining One
 62855 | Tar:1    | Reached skill level 27 in Invocations
 62906 | Tar:2    | Reached skill level 1 in Translocations
 62917 | Tar:2    | Reached skill level 1 in Spellcasting
 62952 | Tar:2    | You are sucked into a shaft!
 63040 | Tar:4    | Found a huge runed gate.
 63040 | Tar:4    | Found a huge runed gate.
 63040 | Tar:4    | Found a huge runed gate.
 63040 | Tar:4    | Found a huge runed gate.
 63040 | Tar:4    | Found a huge runed gate.
 63040 | Tar:4    | Found a huge runed gate.
 63042 | Tar:4    | Found a huge runed gate.
 63046 | Tar:4    | Found a huge runed gate.
 63046 | Tar:4    | Found a huge runed gate.
 63046 | Tar:4    | Found a huge runed gate.
 63054 | Tar:4    | Noticed an ancient lich
 63054 | Tar:4    | Noticed an ancient lich
 63059 | Tar:4    | Reached skill level 5 in Translocations
 63059 | Tar:4    | Killed an ancient lich
 63061 | Tar:4    | Killed an ancient lich
 63150 | Tar:7    | Entered Level 7 of Tartarus
 63234 | Tar:7    | Reached skill level 5 in Spellcasting
 63495 | Tar:7    | Reached skill level 15 in Dodging
 63518 | Tar:7    | Noticed Ereshkigal
 63532 | Tar:7    | Paralysed by Ereshkigal for 4 turns
 63538 | Tar:7    | Reached skill level 10 in Translocations
 63541 | Tar:7    | Killed Ereshkigal
 63561 | Tar:7    | Got a bone rune of Zot
 63847 | Geh:1    | Entered Level 1 of Gehenna
 64183 | Geh:7    | Entered Level 7 of Gehenna
 64596 | Geh:7    | Noticed Asmodeus
 64613 | Geh:7    | Killed Asmodeus
 64623 | Geh:7    | Got an obsidian rune of Zot
 64786 | Coc:1    | Entered Level 1 of Cocytus
 65027 | Coc:2    | Reached skill level 10 in Spellcasting
 65122 | Coc:2    | You are sucked into a shaft!
 65264 | Coc:7    | Entered Level 7 of Cocytus
 65420 | Coc:7    | Reached skill level 15 in Translocations
 65490 | Coc:7    | Noticed Antaeus
 65522 | Coc:7    | Killed Antaeus
 65533 | Coc:7    | Got an icy rune of Zot
 65535 | Coc:7    | Got a heavily runed copper ring
 65536 | Coc:7    | Identified the ring "Diawih" {*Tele Str+3} (You found it on level 7 of Cocytus)
 65704 | Dis:1    | Entered Level 1 of the Iron City of Dis
 66048 | Dis:7    | Entered Level 7 of the Iron City of Dis
 66059 | Dis:7    | Noticed the Serpent of Hell
 66073 | Dis:7    | Killed the Serpent of Hell
 66329 | Dis:7    | Noticed Dispater
 66351 | Dis:7    | Killed Dispater
 66359 | Dis:7    | Found the +0 Maxwell's etheric cage {RegenMP+ *Contam rElec MP+4}
 66370 | Dis:7    | Got an iron rune of Zot
 66827 | Tomb:1   | Entered Level 1 of the Tomb of the Ancients
 66988 | Tomb:1   | Noticed a greater mummy
 67011 | Tomb:1   | Killed a greater mummy
 67100 | Tomb:1   | Identified the Incunabulum of the Snowflakes and Toxins
 67355 | Tomb:3   | Entered Level 3 of the Tomb of the Ancients
 67397 | Tomb:3   | Noticed a greater mummy
 67398 | Tomb:3   | Noticed a greater mummy
 67401 | Tomb:3   | Noticed a greater mummy
 67401 | Tomb:3   | Noticed a greater mummy
 67401 | Tomb:3   | Noticed a greater mummy
 67401 | Tomb:3   | Noticed a greater mummy
 67401 | Tomb:3   | Noticed a greater mummy
 67402 | Tomb:3   | Noticed a greater mummy
 67403 | Tomb:3   | Noticed a greater mummy
 67406 | Tomb:3   | Killed a greater mummy
 67406 | Tomb:3   | Reached skill level 15 in Spellcasting
 67409 | Tomb:3   | HP: 8/199 [greater mummy/divine providence (9)]
 67571 | Tomb:3   | Killed a greater mummy
 67571 | Tomb:3   | Killed a greater mummy
 67572 | Tomb:3   | Killed a greater mummy
 67572 | Tomb:3   | Killed a greater mummy
 67572 | Tomb:3   | Killed a greater mummy
 67572 | Tomb:3   | Killed a greater mummy
 67572 | Tomb:3   | Killed a greater mummy
 67573 | Tomb:3   | Killed a greater mummy
 67641 | Tomb:3   | Found the +6 shillelagh "Devastator" {shatter}
 67666 | Tomb:3   | Identified the cursed +0 large shield of Death Resistance {Slay+5} (You found it on level 3 of the Tomb of the Ancients)
 67687 | Tomb:3   | Got a golden rune of Zot
 67755 | Tomb:1   | Was forgiven by Trog
 68489 | Zot:5    | Got the Orb of Zot
 68965 | D:13     | Noticed Onwoewk the pandemonium lord
 68972 | D:13     | Killed Onwoewk the pandemonium lord
 68982 | D:13     | Noticed Yvedowac the pandemonium lord
 68991 | D:12     | Noticed Gudievuv the pandemonium lord
 69069 | D:6      | Noticed Guacluo the pandemonium lord
 69075 | D:6      | Killed Guacluo the pandemonium lord
 69228 | D:1      | Noticed Ruuxown the pandemonium lord
 69235 | D:1      | Killed Ruuxown the pandemonium lord
 69273 | D:$      | Escaped with the Orb!

Skill      XL: |  1  2  3  4  5  6  7  8  9 10 11 12 13 14 15 16 17 18 19 20 21 22 23 24 25 26 27 |
---------------+----------------------------------------------------------------------------------+-----
Axes           | 3 4 5 6 8 10 11 13 14 15 17 19 20 21 22 23 24 25 27 | 27.0
Dodging        | 2 3 4 6 7 8 9 10 16 | 16.0
Shields        | 1 2 3 4 5 6 8 9 10 | 10.0
Armour         | 3 4 5 6 7 8 10 11 12 13 14 15 27 | 27.0
Fighting       | 4 5 6 7 8 10 11 12 13 14 16 17 18 20 22 23 24 26 27 | 27.0
Evocations     | 2 4 6 9 10 11 14 15 | 15.0
Invocations    | 27 | 27.0
Translocations | 22 | 22.0
Spellcasting   | 15 | 15.0

Action                   |  1- 3 |  4- 6 |  7- 9 | 10-12 | 13-15 | 16-18 | 19-21 | 22-24 | 25-27 || total
-------------------------+-------+-------+-------+-------+-------+-------+-------+-------+-------++-------
Melee: Hand axe          |   134 |     6 |       |       |       |       |       |       |       ||   140
       War axe           |       |   105 |   300 |   798 |  1340 |    62 |       |       |       ||  2605
       Morningstar       |       |       |     5 |       |    20 |    10 |       |       |       ||    35
       Spear             |       |       |       |    24 |       |       |       |       |       ||    24
       Broad axe         |       |       |       |       |       |  1218 |  1164 |  1447 |  4928 ||  8757
       Executioner's axe |       |       |       |       |       |       |       |       |  1154 ||  1154
Invok: Berserk           |     3 |     3 |    10 |    12 |    22 |    12 |     1 |     4 |    16 ||    83
       Trog's Hand       |       |     1 |     2 |     9 |    12 |    10 |     3 |     6 |    18 ||    61
       Brothers in Arms  |       |       |       |     1 |     2 |     2 |       |       |       ||     5
       Cleansing Flame   |       |       |       |       |       |       |       |       |   158 ||   158
       Divine Shield     |       |       |       |       |       |       |       |       |    24 ||    24
       Summon Divine War |       |       |       |       |       |       |       |       |    16 ||    16
       Brand Weapon With |       |       |       |       |       |       |       |       |     1 ||     1
 Abil: Fly               |       |       |       |       |     1 |       |       |       |       ||     1
Evoke: Wand              |       |       |       |     5 |     7 |     2 |       |       |    26 ||    40
  Use: Scroll            |       |       |    12 |     7 |    11 |    17 |     4 |    11 |   102 ||   164
       Potion            |       |       |       |       |       |       |     1 |       |    43 ||    44
 Stab: Sleeping          |     1 |       |       |       |       |       |       |       |       ||     1
       Paralysed         |       |       |       |       |     1 |       |       |       |       ||     1
       Distracted        |       |       |       |       |       |       |     1 |       |       ||     1
       Confused          |       |       |       |       |       |       |       |       |     3 ||     3
  Eat: Chunk             |     3 |     7 |    15 |    23 |    46 |    25 |    19 |    22 |    38 ||   198
       Ration            |       |       |     2 |     4 |     3 |     6 |       |     3 |    44 ||    62
Armor: Animal skin       |    61 |     4 |       |       |       |       |       |       |       ||    65
       Plate armour      |       |    89 |   179 |   401 |   562 |   563 |   502 |   636 |   150 ||  3082
       Gold dragon scale |       |       |       |       |       |       |       |       |  3939 ||  3939
Dodge: Dodged            |   110 |    64 |   129 |   127 |   255 |   205 |   286 |   394 |  2077 ||  3647
       Deflected         |       |       |       |     4 |     8 |    53 |    25 |    41 |   121 ||   252
Block: Buckler           |    12 |    29 |    60 |     9 |       |       |       |       |       ||   110
       Large shield      |       |       |       |   645 |  1177 |  1285 |  1062 |  1270 |  5950 || 11389
       Other             |       |       |       |       |       |       |       |       |   567 ||   567
       Reflection        |       |       |       |       |       |       |       |       |    52 ||    52
